 Dungeon Crawl Stone Soup version 0.22.1-1-ga44c0e56f4 (webtiles) character file.

75 Peloso the Shield-Bearer (level 4, -8/40 HPs)
             Began as a Minotaur Fighter on Sept 29, 2018.
             Mangled by a gnoll
             ... wielding a +2 spear of distortion
              (11 damage)
             ... on level 1 of the Dungeon.
             The game lasted 00:02:39 (1059 turns).

Peloso the Shield-Bearer (Minotaur Fighter)         Turns: 1059, Time: 00:02:39

Health: -8/40      AC:  7    Str: 21    XL:     4   Next: 11%
Magic:  3/3        EV:  8    Int:  5    God:
Gold:   112        SH:  9    Dex: 10    Spells: 3/3 levels left

rFire    . . .     SeeInvis .   a - +0 long sword
rCold    . . .     Gourm    .   c - +0 shield
rNeg     . . .     Faith    .   b - +0 scale mail
rPois    .         Spirit   .   (helmet restricted)
rElec    .         Reflect  .   (no cloak)
rCorr    .         Harm     .   (no gloves)
MR       .....                  (no boots)
Stlth    ..........             (no amulet)
HPRegen  0.13/turn              h - ring of flight
MPRegen  0.08/turn              (no ring)

@: lethally poisoned (-8 -> -10)
A: retaliatory headbutt, horns 2
a: Evoke Flight


You were on level 1 of the Dungeon.
You were hungry.

You visited 1 branch of the dungeon, and saw 2 of its levels.

You collected 112 gold pieces.

Inventory:

Hand Weapons
 a - a +0 long sword (weapon)
Armour
 b - a +0 scale mail (worn)
 c - a +0 shield (worn)
Jewellery
 h - a ring of flight (left hand)
Scrolls
 e - a scroll of enchant armour {unknown}
 g - a scroll of enchant weapon {unknown}
 i - 2 scrolls of identify {unknown}
 k - a scroll of fog {unknown}
 l - a scroll of remove curse {unknown}
 m - a scroll of blinking {unknown}
Potions
 d - a potion of might
 j - 2 potions of invisibility {unknown}
 n - a potion of curing {unknown}
 o - a potion of agility {unknown}
Comestibles
 f - 2 rations


   Skills:
 + Level 4.1 Fighting
 + Level 3.0 Long Blades
 + Level 4.1 Armour
 + Level 1.3 Dodging
 + Level 4.6 Shields


You had 3 spell levels left.
You didn't know any spells.
Your spell library was empty.

Dungeon Overview and Level Annotations

Branches:
Dungeon (2/15)

Altars:
Nemelex Xobeh


Innate Abilities, Weirdness & Mutations

You reflexively headbutt those who attack you in melee.
You have a pair of horns on your head.


Message History

You hit the gnoll.
The gnoll is lightly wounded.
You feel sick. You block the adder's attack.
The gnoll hits you with a spear of distortion.
Space bends around you.
* * * LOW HITPOINT WARNING * * *
The adder bites you but does no damage. You block the gnoll's attack.
You hit the gnoll. Your headbutt misses the gnoll.
The gnoll is moderately wounded.
The adder bites you but does no damage. The gnoll hits you but does no damage.
Space bends around you.
* * * LOW HITPOINT WARNING * * *
Unknown command.
You hit the gnoll.
The gnoll is heavily wounded.
You block the adder's attack.
The gnoll hits you with a spear of distortion.
* * * LOW HITPOINT WARNING * * *
Space warps horribly around you!
You die...

#.#......##.# ##.#
#.#.###.###.# #.#
#.#.# #.# #.# #.#
#.#.###(###.# ##+#
##.....(..(..###...
#.......#######....
#.......## ##.....
#..g.....####......
#S@.........'......
#.........###......
#.......#.# ##.....
#.......#.# ##....
####......# ##...
#.###### ##+# #.#
##.# #####.####
##..# #........#
##⌠.⌠#


You could see a gnoll and an adder.

Vanquished Creatures
  A gnoll (D:2)
  3 adders (D:2)
  A worm (D:2)
  A dart slug (D:1)
  A leopard gecko (D:1)
  2 hobgoblins
  5 jackals
  4 kobolds (D:1)
  6 bats
  2 frilled lizards
  4 goblins (D:1)
  4 rats
34 creatures vanquished.

Notes
Turn   | Place    | Note
-------+----------+-------------------------------------------
     0 | D:1      | Peloso the Minotaur Fighter began the quest for the Orb.
     0 | D:1      | Reached XP level 1. HP: 19/19 MP: 0/0
   104 | D:1      | Reached XP level 2. HP: 25/27 MP: 1/1
   482 | D:1      | Found a sparkling altar of Nemelex Xobeh.
   798 | D:2      | Reached XP level 3. HP: 26/33 MP: 2/2
   879 | D:2      | Reached skill level 1 in Dodging
   994 | D:2      | Reached XP level 4. HP: 27/40 MP: 3/3
  1059 | D:1      | Mangled by a gnoll

Skill      XL: |  1  2  3 |
---------------+----------+-----
Fighting       | 4 |  4.1
Shields        | 4 |  4.6
Armour         | 4 |  4.1
Long Blades    | 3 |  3.0
Dodging        | 1 |  1.3

Action                   |  1- 3 |  4- 6 || total
-------------------------+-------+-------++-------
Melee: Long sword        |    80 |     3 ||    83
       Headbutt          |     7 |       ||     7
Armor: Scale mail        |    40 |     4 ||    44
Dodge: Dodged            |    42 |     3 ||    45
Block: Shield            |    45 |     4 ||    49
       Rpst.: Long sword |     7 |       ||     7
